 Dungeon Crawl Stone Soup version 0.18-a0-1026-ge317a7f (webtiles) character file.

53 Jmtri7 the Apprentice (level 4, -17/32 HPs)
             Began as a Formicid Artificer on Jan 8, 2016.
             Was an Initiate of Pakellas.
             Demolished by a two-headed ogre
             ... wielding a cursed +0 giant club
              (22 damage)
             ... on level 11 of the Dungeon.
             The game lasted 00:03:23 (418 turns).

Jmtri7 the Apprentice (Formicid Artificer)           Turns: 418, Time: 00:03:23

Health: -17/32     AC:  3    Str: 17    XL:     4   Next: 10%
Magic:  5/7        EV: 11    Int: 11    God:    Pakellas [......]
Gold:   90         SH:  0    Dex: 11    Spells: 0 memorised, 3 levels left

rFire  . . .     SeeInvis +     g - +0 scimitar
rCold  . . .     Gourm    .     b - +0 leather armour
rNeg   . . .     Faith    .     (no shield)
rPois  .         Spirit   .     (helmet unavailable)
rElec  .         Dismiss  .     (no cloak)
rCorr  .         Reflect  .     (no gloves)
SustAt .         Harm     .     (no boots)
MR     .....                    (no amulet)
Stlth  +.........               (no ring)
                                (no ring)

@: not resistant to hostile enchantments, very unstealthy
A: permanent stasis, dig shafts and tunnels, four strong arms, antennae 3
a: Dig, Shaft Self, Renounce Religion


You were on level 11 of the Dungeon.
You worshipped Pakellas.
Pakellas was noncommittal.
You were near starving.

You visited 1 branch of the dungeon, and saw 7 of its levels.

You collected 90 gold pieces.

Inventory:

Hand Weapons
 a - a +0 short sword
 g - a +0 scimitar (weapon)
Armour
 b - a +0 leather armour (worn)
Wands
 c - a wand of flame (10/48)
 e - a wand of random effects (15/48)
Scrolls
 h - a scroll of brand weapon {unknown}
 i - a scroll of identify {unknown}
Comestibles
 f - a bread ration


   Skills:
 - Level 1.1 Fighting
 - Level 1.0 Short Blades
 - Level 1.7 Dodging
 - Level 1.2 Stealth
 + Level 5.1 Evocations


You had 3 spell levels left.
You didn't know any spells.

Dungeon Overview and Level Annotations

Branches:
Dungeon (9/15)
 Temple: D:4-7         Lair: D:8-11         Orc: D:9-12

Altars:
Pakellas

Annotations:
D:6 Pikel


Innate Abilities, Weirdness & Mutations

You are under a permanent stasis effect.
You can dig through walls and to a lower floor.
Your four strong arms can wield two-handed weapons with a shield.
You have a pair of large antennae on your head (SInv).


Message History

A two-headed ogre comes into view. It is wielding two giant clubs.
The two-headed ogre shouts in stereo!
The black bear growls angrily.
The troll completely misses your crocodile.
The troll claws your crocodile. The troll claws your crocodile!
A bat comes into view.
Your crocodile bites the troll.
The troll bites your crocodile!!
Your crocodile dies!
You drop a wand of enslavement (8/24).
That item cannot be evoked!
Unknown command.
Are you sure you want to shaft yourself?
You feel somewhat more hungry. The bat hits you but does no damage.
The troll bites you! The troll claws you!
* * * LOW HITPOINT WARNING * * *
The troll closely misses you.
You begin to dig a shaft.
You continue digging a shaft.
The bat barely misses you.
The two-headed ogre hits you with a giant club!!
Ouch! That really hurt!
You die...

######## ##......#....
#......###.#######.###
#.####............ #
#.################.###
#.##........ ..t......
#.†..# #####.#.#
#.##†# # #.#
..#...######.. #.#
...###..@....... { #.#
##.. #..O.T...... #.#
#.......#hb..$.P. #.#
#............P.P.. #.#
.........#....P.P.
#.....#..PP.P.###
##....#....P.P#
#......#PP...+


You could see a troll, a two-headed ogre, a black bear and a bat.

Vanquished Creatures
  A worker ant zombie (D:9)
  2 bats (D:11)
  A rat (D:11)
4 creatures vanquished.

Vanquished Creatures (collateral kills)
  A crimson imp (D:9)
  A river rat (D:11)
  An adder (D:9)
  A bat (D:11)
4 creatures vanquished.

Vanquished Creatures (others)
  2 crocodiles (D:11)
  A bat (D:11)
  2 fungi (D:11)
5 creatures vanquished.

Grand Total: 13 creatures vanquished

Notes
Turn   | Place    | Note
--------------------------------------------------------------
     0 | D:1      | Jmtri7 the Formicid Artificer began the quest for the Orb.
     0 | D:1      | Reached XP level 1. HP: 15/15 MP: 3/3
     6 | D:1      | You fall through a shaft!
     9 | D:2      | You fall through a shaft for 2 floors!
     9 | D:4      | Noticed a worker ant
    12 | D:4      | You fall through a shaft for 2 floors!
    12 | D:6      | Noticed Pikel
    12 | D:6      | Noticed a slave
    12 | D:6      | Noticed a slave
    12 | D:6      | Noticed a slave
    12 | D:6      | Noticed a slave
    15 | D:6      | You fall through a shaft for 2 floors!
    15 | D:8      | Noticed a giant frog
    18 | D:8      | You fall through a shaft!
    18 | D:9      | Found an oddly glowing altar of Pakellas.
    21 | D:9      | Became a worshipper of Pakellas the Inventive
    87 | D:9      | Reached XP level 2. HP: 19/21 MP: 4/4
   100 | D:9      | Reached skill level 4 in Evocations
   100 | D:9      | Reached XP level 3. HP: 17/26 MP: 4/6
   237 | D:9      | Noticed a scorpion
   259 | D:9      | Noticed a phantom
   261 | D:9      | Reached skill level 5 in Evocations
   264 | D:9      | You fall through a shaft for 2 floors!
   361 | D:11     | Noticed a crocodile
   390 | D:11     | Noticed a crocodile
   398 | D:11     | Reached XP level 4. HP: 22/32 MP: 5/7
   411 | D:11     | Noticed a troll
   413 | D:11     | Noticed a black bear
   413 | D:11     | Noticed a two-headed ogre
   418 | D:11     | Demolished by a two-headed ogre

Vault maps used:
D:1:      dpeg_arrival_tiny_f
D:2:      fedhas_altar_3, kennysheep_generic_room_4
D:4:      temple_pool_b, first_bread
D:6:      uniq_prince_ribbit1, uniq_sigmund, uniq_pikel
D:8:      nicolae_overflow_hidden_temple, grunt_ministairs_5, uniq_psyche
D:9:      lemuel_round_altar, ashenzari_altar_1, nemelex_altar_shiori,
          the_bakery, minivault_22, kennysheep_generic_room_14
D:11:     lemuel_ice_statue, grunt_lair_entry_orc_guard_hut, orc_0_dummy,
          minmay_bad_closet, elyvilon_altar_1

Action                   |  1- 3 |  4- 6 || total
-------------------------+-------+-------++-------
Melee: Scimitar          |    16 |     3 ||    19
 Abil: Shaft Self        |     6 |     1 ||     7
       Dig               |     2 |       ||     2
Evoke: Wand              |    10 |     2 ||    12
 Stab: Sleeping          |     1 |       ||     1
